 Dungeon Crawl Stone Soup version 0.30-a0-135-g630cfc4551 (webtiles) character file.

Game seed: 15543866059856166745

183142 juncz the Warrior (level 19, -1/141 (152) HPs)
             Began as a Djinni Conjurer on Sept 20, 2022.
             Was the Champion of Makhleb.
             Slain by an emperor scorpion (6 damage)
             ... on level 4 of the Spider Nest on Sept 21, 2022.
             The game lasted 03:44:04 (50317 turns).

juncz the Warrior (Djinni Conjurer)                Turns: 50317, Time: 03:44:05

HP:   -1/141 (152)  AC: 11    Str:  8    XL:     19   Next: 6%
Gold: 690           EV: 12    Int: 36    God:    Makhleb [******] SH: 19 Dex: 17

rFire   + + .      SeeInvis .    V - +6 demon whip of Eternal Night {venom, Str+2 Int+4 Dex+3}
rCold   . . .      Faith    .    y - +2 tower shield {AC+3}
rNeg    . . .      Spirit   .    K - +2 robe {Archmagi}
rPois   ∞          Reflect  .    U - +2 hat {Will+}
rElec   .          Harm     .    s - +2 cloak
rCorr   .          Rampage  .    e - +2 pair of gloves
Will    ++...      Archmagi +    (boots unavailable)
Stlth   ++........               Z - amulet of regeneration
HPRegen 1.13/turn                z - ring of protection from cold
MPRegen 0.00/turn                H - +6 ring of intelligence

@: marked, corroded, flying, drained
A: sickness immunity, fire resistance 2, cold vulnerability 1, float, innate
caster, HP casting, extra vitality 1
a: Renounce Religion, Minor Destruction, Lesser Servant of Makhleb, Major
Destruction, Greater Servant of Makhleb


You were on level 4 of the Spider Nest.
You worshipped Makhleb.
Makhleb was exalted by your worship.
You visited 6 branches of the dungeon, and saw 28 of its levels.
You also visited: Trove, Bailey and Gauntlet.

You collected 3318 gold pieces.
You spent 2628 gold pieces at shops.

Inventory:

Hand Weapons
 V - the +6 demon whip of Eternal Night (weapon) {venom, Str+2 Int+4 Dex+3}
   (You found it on level 2 of the Lair of Beasts)

   It poisons the flesh of those it strikes.
   Str:       It affects your strength (+2).
   Int:       It affects your intelligence (+4).
   Dex:       It affects your dexterity (+3).
Armour
 e - a +2 pair of gloves (worn)
 s - a +2 cloak (worn)
 y - a +2 tower shield of protection (worn)
 K - a +2 robe of the Archmagi (worn)
 U - a +2 hat of willpower (worn)
Magical Staves
 i - a staff of fire
 C - a staff of poison
 O - a staff of air
 S - a staff of cold
 Y - a staff of conjuration
Jewellery
 a - the ring of Yesterday {Str+4 SInv}
   (You acquired it on level 11 of the Dungeon)

   [ring of see invisible]

   Str:       It affects your strength (+4).
   SInv:      It lets you see invisible.
 c - a ring of fire
 f - a ring of ice
 k - an amulet of reflection
 l - a +4 ring of protection
 z - a ring of protection from cold (left hand)
 D - a ring of protection from fire
 F - a ring of protection from cold
 H - a +6 ring of intelligence (right hand)
 J - the ring of Impatience {Wiz Drain Str+3 Dex+2}
   (You found it in a Gauntlet)

   [ring of wizardry]

   It improves your spell success rate.
   Str:       It affects your strength (+3).
   Dex:       It affects your dexterity (+2).
   Drain:     It drains your maximum health when unequipped.
 Z - an amulet of regeneration (around neck)
Wands
 m - a wand of flame (48)
 u - a wand of mindburst (22)
 w - a wand of roots (9)
 x - a wand of paralysis (26)
Scrolls
 b - 9 scrolls of teleportation
 d - 7 scrolls of poison
 j - 7 scrolls of fog
 A - a scroll of fear
 B - 3 scrolls of enchant weapon
 E - a scroll of identify
 G - a scroll of enchant armour
 Q - 3 scrolls of magic mapping
 X - a scroll of summoning
Potions
 g - 13 potions of curing
 h - a potion of resistance
 n - 2 potions of heal wounds
 o - 2 potions of brilliance
 p - 2 potions of might
 q - 2 potions of invisibility
 t - 3 potions of haste
 v - 5 potions of ambrosia
 P - 4 potions of cancellation
 R - 5 potions of lignification
Miscellaneous
 I - a condenser vane


   Skills:
 + Level 18.8 Fighting
 - Level 6.0 Dodging
 - Level 1.8 Stealth
 - Level 11.0 Shields
 + Level 17.2 Spellcasting
 - Level 6.0 Evocations


You had one spell level left.
You knew the following spells:

 Your Spells              Type           Power      Damage    Failure   Level
a - Magic Dart            Conj           100%       1d8       0%          1
b - Searing Ray           Conj           100%       2d8       0%          2
c - Dazzling Flash        Conj/Hex       100%       N/A       0%          3
d - Fulminant Prism       Conj/Hex       62%        3d27      1%          4
e - Iskenderun's Mystic   Conj/Tloc      100%       2d19      1%          4
f - Sandblast             Erth           100%       2d20      0%          1
g - Wereblood             Tmut           100%       N/A       0%          2
h - Poisonous Vapours     Pois/Air       100%       N/A       0%          2
i - Confusing Touch       Hex            100%       N/A       0%          3
j - Flame Wave            Conj/Fire      100%       2d21      1%          4
k - Borgnjor's Vile Clut  Necr/Erth      62%        N/A       1%          5
l - Eringya's Noxious Bo  Tmut/Pois      62%        N/A       1%          6
m - Dragon Form           Tmut           62%        N/A       4%          7
n - Enfeeble              Hex            62%        N/A       4%          7
Your spell library was empty.

Dungeon Overview and Level Annotations

Branches:
Dungeon (15/15)            Temple (1/1) D:6            Lair (5/5) D:11
  Swamp (0/4) Lair:3       Spider (4/4) Lair:3        Slime (1/5) Lair:5
    Orc (2/2) D:9             Elf (0/3) Orc:2        Vaults (0/5) D:13
 Depths (0/4) D:15         Bailey (visited)         Gauntlet (visited)

Altars:
Ashenzari
Cheibriados
Dithmenos
Elyvilon
Fedhas
Gozag
Hepliaklqana
Makhleb
Nemelex Xobeh
Okawaru
Qazlal
Ru
Trog
Uskayaw
Wu Jian
Xom
Yredelemnul
Zin
The Shining One

Shops:
D:3 ?   D:5 (?[   D:11 *   D:12 =   D:14 *   Orc:1 *   Orc:2 :[*(:(===

Portals:
Abyss: Lair:3

Annotations:
D:3 3 runed translucent doors, Tollund's ghost, amateur HOMo
Lair:1 1 runed translucent door, Hiufoemo's ghost, journeyman DjWr
Lair:3 2 transporters, HilariousDeathArtist's ghost, journeyman OpBr


Innate Abilities, Weirdness & Mutations

You are immune to sickness and miasma.
You are immune to poison.
Your flesh is very heat resistant. (rF++)
You are vulnerable to cold. (rC-)
You float through the air rather than walking.
You learn spells naturally, not from books.
Your magical power is your life essence.
You have superior vitality. (+4 MHP)


Message History

* * * LOW HITPOINT WARNING * * *
The demonic crawler shrieks in warning!
You are no longer corroded.
The meliai calls down the wrath of its god upon you.
Something smites you!
* * * LOW HITPOINT WARNING * * *
Casting: Iskenderun's Mystic Blast (safe; 1% risk of failure)
Confirm with . or Enter, or press ? or * to list all spells.
You feel a surge of power!
You erupt in a blast of force!
The mystic blast hits the steelbarb worm.
You kill the steelbarb worm!
Makhleb accepts your kill.
You feel better.
The mystic blast hits the emperor scorpion but does no damage.
The emperor scorpion is moderately wounded.
* * * LOW HITPOINT WARNING * * *
The entropy weaver points at you and mumbles some strange words.
The entropic weave corrodes you!
The demonic crawler shrieks in warning!
The emperor scorpion stings you.
* * * LOW HITPOINT WARNING * * *
You block the emperor scorpion's attack.
The emperor scorpion claws you!
* * * LOW HITPOINT WARNING * * *
Casting: Iskenderun's Mystic Blast (safe; 1% risk of failure)
Confirm with . or Enter, or press ? or * to list all spells.
You feel a surge of power!
You erupt in a blast of force!
The mystic blast hits the meliai!
The meliai is moderately wounded.
The meliai is knocked back by the mystic blast.
The meliai collides with the demonic crawler!
The demonic crawler is almost dead.
The meliai is severely wounded.
The mystic blast hits the emperor scorpion!!
The emperor scorpion is heavily wounded.
* * * LOW HITPOINT WARNING * * *
A pharaoh ant comes into view.
A tarantella comes into view.
You block the emperor scorpion's attack.
The emperor scorpion claws you.
You die...

##..^## #..#..# ### ######
#.....#########.## #..#.#
#........^##....^#####.....
#..^......#..^^..#.#...#...
#..#^...#^...^.#.......^...
#......^#..^.....w..^.w..#.
#...###....##..B.#.###^..#.
#....<....@s.)Bw...........
#......#...ys....#^^.......
#......^..^.s.....^....^#^"
#.........#^.....#.........
#...(.......#........^....#
#....^.#.....^...B#..##.^^
#.......^.....^..s.....
#........^....#..#....:
#..######...


You could see an emperor scorpion, 2 entropy weavers, 2 steelbarb worms, a
demonic crawler, a pharaoh ant, a tarantella, a redback and a meliai.

Vanquished Creatures
  Rupert (D:12)
  Gastronok (Lair:2)
  Agnes (D:14)
  A frost giant (D:12)
  Aizul (Spider:4)
  2 ghost moths
  2 spark wasps (Spider:2)
  3 entropy weavers
  Snorg (Lair:5)
  A minotaur (Gauntlet)
  2 fire dragons
  Josephine (D:15)
  Harold (Lair:2)
  An ice dragon (D:12)
  An ogre mage (D:15)
  5 hydras
  5 vault guards (D:13)
  Erica (Lair:2)
  2 radroaches
  8 centaur warriors
  2 catoblepae (Lair:5)
  A death knight (D:14)
  13 death yaks
  7 two-headed ogres
  6 boulder beetles
  2 tengu warriors (D:15)
  2 orc high priests (Orc:2)
  2 sixfirhies (Gauntlet)
  4 pharaoh ants
  A skeletal warrior (D:14)
  A sun moth (Spider:1)
  5 steelbarb worms
  An orb spider (Spider:2)
  A wizard (D:15)
  2 phantasmal warriors (D:14)
  4 orc knights (Orc:2)
  A necromancer (D:15)
  2 lindwurms (Lair:5)
  2 deep elf pyromancers
  A deep elf zephyrmancer (D:15)
  An orc sorcerer (D:15)
  10 wolf spiders
  2 oklob plants (Lair:4)
  9 ugly things
  2 manticores (D:13)
  2 cyclopes
  2 moths of wrath
  A centaur zombie (D:15)
  8 torpor snails
  An ice statue (D:12)
  9 black mambas
  A centaur skeleton (D:15)
  A naga mage (D:15)
  2 unseen horrors
  3 gargoyles
  3 demonic crawlers (Spider:2)
  2 efreet
  12 cane toads
  4 rime drakes
  A freezing wraith (D:14)
  4 komodo dragons
  A yaktaur (D:13)
  A queen bee (Lair:4)
  7 trolls
  A polar bear (Lair:1)
  10 hornets
  6 meliai
  10 tarantellas
  5 slime creatures
  3 tyrant leeches (Lair:5)
  23 blink frogs
  12 jumping spiders
  4 centaur simulacra
  A shadow (D:11)
  7 humans (D:13)
  57 yaks
  A human (shapeshifter) (D:13)
  13 basilisks
  11 culicivoras
  2 vampires
  18 wyverns
  A water elemental (D:12)
  10 wraiths
  34 redbacks
  17 vampire mosquitoes
  Grum (D:11)
  26 water moccasins
  Duvessa (D:7)
  22 ice beasts
  46 orc warriors
  A black bear (shapeshifter) (D:13)
  A black bear (D:7)
  2 boggarts (D:13)
  9 ogres
  35 centaurs
  6 sky beasts
  32 wolves
  A kobold brigand (D:7)
  6 bullfrogs
  3 gnoll sergeants
  9 scorpions
  A necrophage (D:5)
  A cane toad simulacrum (Gauntlet)
  Dowan (D:7)
  A hornet simulacrum (D:14)
  39 killer bees
  10 electric eels
  11 howler monkeys
  9 hounds
  11 orc priests
  A gnoll bouda (D:7)
  Jessica (D:3)
  Terence (D:2)
  4 iguanas
  19 orc wizards
  7 hell rats (Lair:3)
  3 boggart skeletons (D:15)
  12 gnolls
  8 adders
  3 white imps
  3 ufetubi
  3 dart slugs
  86 orcs
  5 bats
  9 endoplasms
  10 giant cockroaches
  10 goblins
  3 hobgoblins
  4 jackals (D:3)
  17 kobolds
  3 quokkas
  8 ball pythons
  5 frilled lizards
  6 rats
  4 butterflies
  38 fulminant prisms
994 creatures vanquished.

Vanquished Creatures (collateral kills)
  An ice beast (D:7)
  A kobold brigand (D:7)
  An orc priest (D:7)
  2 orcs (D:7)
  3 kobolds (D:7)
8 creatures vanquished.

Vanquished Creatures (others)
  A howler monkey simulacrum (D:9)
  4 demonic plants (Gauntlet)
  71 fulminant prisms
  40 fungi
  69 plants
185 creatures vanquished.

Grand Total: 1187 creatures vanquished

Notes
Turn   | Place    | Note
-------+----------+-------------------------------------------
     0 | D:1      | juncz the Djinni Conjurer began the quest for the Orb.
     0 | D:1      | juncz set off with the following spells memorised: Magic
                  | Dart, Searing Ray, Dazzling Flash, Fulminant Prism,
                  | Iskenderun's Mystic Blast.
     0 | D:1      | Reached XP level 1. HP: 15/15 MP: 0/0
   167 | D:1      | Reached XP level 2. HP: 20/21 MP: 0/0
   638 | D:1      | Found a faded altar of an unknown god.
   747 | D:2      | Reached skill level 1 in Fighting
   752 | D:2      | Reached XP level 3. HP: 21/27 MP: 0/0
   752 | D:2      | Learned a level 1 spell: Sandblast
   915 | D:2      | Reached XP level 4. HP: 19/33 MP: 0/0
  1152 | D:2      | Noticed Terence
  1157 | D:2      | Killed Terence
  1158 | D:2      | Reached skill level 2 in Fighting
  1928 | D:3      | Reached XP level 5. HP: 32/39 MP: 0/0
  1928 | D:3      | Learned a level 2 spell: Wereblood
  1982 | D:3      | Found a runed translucent gate.
  1984 | D:3      | Found a runed translucent gate.
  1985 | D:3      | Found a runed translucent gate.
  1987 | D:3      | Noticed Tollund's ghost (amateur HOMo)
  2009 | D:3      | Noticed Jessica
  2013 | D:3      | Killed Jessica
  2363 | D:3      | Reached skill level 3 in Fighting
  3161 | D:3      | Found Zuqiasot's Magic Scroll Emporium.
  3169 | D:3      | Bought a scroll of identify for 22 gold pieces
  3169 | D:3      | Bought a scroll of noise for 11 gold pieces
  3169 | D:3      | Bought a scroll of identify for 22 gold pieces
  3169 | D:3      | Bought a scroll of identify for 22 gold pieces
  3362 | D:4      | Reached XP level 6. HP: 26/46 MP: 0/0
  3498 | D:4      | Found a bloodstained altar of Trog.
  3830 | D:4      | Noticed an ogre
  3844 | D:4      | Killed an ogre
  3845 | D:4      | Reached skill level 4 in Fighting
  4173 | D:4      | Noticed an ogre
  4181 | D:4      | Killed an ogre
  4182 | D:4      | Reached XP level 7. HP: 40/53 MP: 0/0
  4182 | D:4      | Learned a level 2 spell: Poisonous Vapours
  4486 | D:4      | Reached skill level 5 in Spellcasting
  4836 | D:4      | Found a hide-covered altar of Uskayaw.
  5119 | D:4      | Found a blossoming altar of Fedhas.
  5470 | D:5      | Entered Level 5 of the Dungeon
  5484 | D:5      | Reached skill level 5 in Fighting
  6450 | D:5      | Found Ommemeur's Weapon Emporium.
  6460 | D:5      | Reached XP level 8. HP: 41/60 MP: 0/0
  7001 | D:5      | Found a shimmering altar of Xom.
  7002 | D:5      | Found an iron altar of Okawaru.
  7069 | D:5      | Found Foviq's Armour Shop.
  7076 | D:5      | Found Zasat's Magic Scroll Boutique.
  7088 | D:5      | Bought a scroll of identify for 26 gold pieces
  7318 | D:6      | Reached skill level 6 in Fighting
  7450 | D:6      | Found a runed translucent door.
  7498 | D:6      | Found a runed translucent door.
  7552 | D:6      | Found a staircase to the Ecumenical Temple.
  7559 | Temple   | Entered the Ecumenical Temple
  7659 | Temple   | Became a worshipper of Makhleb the Destroyer
  8834 | D:6      | Found a broken altar of Ashenzari.
  8859 | D:6      | Found a glowing silver altar of Zin.
  9467 | D:6      | Reached skill level 7 in Fighting
  9598 | D:6      | Reached XP level 9. HP: 64/68 MP: 0/0
  9598 | D:6      | Learned a level 3 spell: Confusing Touch
  9738 | D:7      | Reached skill level 8 in Fighting
  9982 | D:7      | Reached * piety under Makhleb
 10072 | D:7      | Reached ** piety under Makhleb
 10267 | D:7      | Found a flagged portal.
 10278 | Bailey   | Entered a bailey
 10310 | Bailey   | Reached skill level 9 in Fighting
 10326 | Bailey   | Reached XP level 10. HP: 19/78 MP: 0/0
 11661 | Bailey   | Reached skill level 10 in Fighting
 12232 | Bailey   | Reached *** piety under Makhleb
 13249 | D:7      | Noticed Dowan
 13250 | D:7      | Noticed Duvessa
 13255 | D:7      | Killed Dowan
 13257 | D:7      | Killed Duvessa
 14146 | D:7      | Reached XP level 11. HP: 79/86 MP: 0/0
 14146 | D:7      | Learned a level 4 spell: Flame Wave
 14189 | D:7      | Reached skill level 11 in Fighting
 14197 | D:7      | Reached XP level 12. HP: 89/94 MP: 0/0
 16727 | D:5      | Bought the +1 chain mail of the Equinox {Dex+3} for 228
                  | gold pieces
 16869 | D:8      | Noticed a two-headed ogre
 16881 | D:8      | Killed a two-headed ogre
 17279 | D:8      | Found a sacrificial altar of Ru.
 17299 | D:8      | Identified the ring "Ylla" {rF+ rC- Will++ Str+6 Int+3}
 17669 | D:8      | Reached **** piety under Makhleb
 18099 | D:8      | Found a white marble altar of Elyvilon.
 18179 | D:9      | Noticed a centaur warrior
 18179 | D:9      | Noticed a centaur warrior
 18188 | D:9      | Noticed a boulder beetle
 18232 | D:9      | Reached skill level 5 in Dodging
 19039 | D:9      | Found a basalt altar of Yredelemnul.
 19737 | D:9      | Found a staircase to the Orcish Mines.
 19934 | D:10     | Entered Level 10 of the Dungeon
 19940 | D:10     | Reached skill level 12 in Fighting
 20708 | D:10     | Reached skill level 1 in Shields
 21167 | D:10     | Found a portal to a secret trove of treasure.
 21304 | D:11     | Noticed Grum
 21317 | D:11     | Killed Grum
 21850 | D:11     | Found a staircase to the Lair.
 21958 | D:11     | Found Wuuhusuj's General Store.
 21970 | D:11     | Bought a potion of attraction for 33 gold pieces
 21970 | D:11     | Bought a scroll of identify for 22 gold pieces
 21970 | D:11     | Bought a scroll of identify for 22 gold pieces
 21970 | D:11     | Bought a scroll of magic mapping for 82 gold pieces
 22367 | Lair:1   | Entered Level 1 of the Lair of Beasts
 22367 | Lair:1   | Found an opulent altar of Gozag.
 22371 | Lair:1   | Reached XP level 13. HP: 101/101 MP: 0/0
 22371 | Lair:1   | Learned a level 5 spell: Borgnjor's Vile Clutch
 23372 | Lair:1   | Found a runed translucent door.
 23373 | Lair:1   | Found a shimmering altar of Xom.
 23373 | Lair:1   | Noticed Hiufoemo's ghost (journeyman DjWr)
 23481 | Lair:1   | Reached skill level 1 in Evocations
 24963 | Lair:2   | Noticed Harold
 24971 | Lair:2   | Killed Harold
 26318 | Lair:2   | Reached skill level 13 in Fighting
 26484 | Lair:2   | Noticed Gastronok
 26494 | Lair:2   | Reached skill level 5 in Shields
 26498 | Lair:2   | Killed Gastronok
 27049 | Lair:2   | Noticed Erica
 27077 | Lair:2   | Killed Erica
 27942 | Lair:2   | Identified the +6 demon whip of Eternal Night {venom, Str+2
                  | Int+4 Dex+3}
 28899 | Lair:3   | Found a transporter.
 28903 | Lair:3   | Found a transporter.
 29142 | Lair:3   | Reached XP level 14. HP: 110/110 MP: 0/0
 29347 | Lair:3   | Found a hole to the Spider Nest.
 29373 | Lair:3   | Found a one-way gate to the infinite horrors of the Abyss.
 29379 | Lair:3   | Noticed HilariousDeathArtist's ghost (journeyman OpBr)
 29532 | Lair:3   | Found a staircase to the Swamp.
 29591 | Lair:3   | Reached ***** piety under Makhleb
 29601 | Lair:3   | Reached skill level 5 in Evocations
 30235 | Lair:3   | Found the +13 scythe of Curses {drain, Drain}
 30653 | Lair:3   | Identified the +7 trident "Biarox" {freeze, rF+}
 32012 | Lair:4   | Reached skill level 14 in Fighting
 33930 | Orc:1    | Entered Level 1 of the Orcish Mines
 34181 | Orc:1    | Found Alytug's General Store.
 34207 | Orc:1    | Bought a potion of might for 60 gold pieces
 34933 | Orc:2    | Entered Level 2 of the Orcish Mines
 34933 | Orc:2    | Found Vofif Oseosm's Jewellery Shoppe.
 35001 | Orc:2    | Reached ****** piety under Makhleb
 35002 | Orc:2    | Reached XP level 15. HP: 86/118 MP: 0/0
 35002 | Orc:2    | Learned a level 6 spell: Eringya's Noxious Bog
 35131 | Orc:2    | Bought a ring of protection from cold for 275 gold pieces
 35131 | Orc:2    | Bought a ring of ice for 275 gold pieces
 35734 | Orc:2    | Found Uvvoaceoklo's Weapon Boutique.
 35741 | Orc:2    | Found Vymayp's Assorted Antiques.
 35743 | Orc:2    | Found Jemoq's Armour Shop.
 35747 | Orc:2    | Found Cuzeom's Book Boutique.
 36007 | Orc:2    | Found a staircase to the Elven Halls.
 36080 | Orc:2    | Found Wolefuer's Antique Weapon Emporium.
 36080 | Orc:2    | Found Gunwizem's Jewellery Shop.
 36080 | Orc:2    | Found Qafiudot's Jewellery Boutique.
 36083 | Orc:2    | Found Lukh's Book Shoppe.
 36090 | Orc:2    | Bought a ring of protection from cold for 325 gold pieces
 36461 | Lair:5   | Entered Level 5 of the Lair of Beasts
 36503 | Lair:5   | Noticed Snorg
 36515 | Lair:5   | Killed Snorg
 36519 | Lair:5   | Reached skill level 15 in Fighting
 36903 | Lair:5   | Found a runed translucent door.
 37418 | Lair:5   | Identified the +2 scimitar of Bile {vorpal, rPois SInv}
 37828 | Lair:5   | Reached skill level 16 in Fighting
 37828 | Lair:5   | Reached XP level 16. HP: 117/128 MP: 0/0
 38125 | Lair:5   | Found a staircase to the Slime Pits.
 38599 | Orc:2    | Bought an amulet of reflection for 540 gold pieces
 38816 | Slime:1  | Entered Level 1 of the Pits of Slime
 38816 | Slime:1  | Noticed a rockslime
 38925 | D:12     | Found Mirumumn's Jewellery Emporium.
 39030 | D:12     | Noticed Rupert
 39041 | D:12     | Killed Rupert
 39067 | D:12     | Found a gate leading to a gauntlet.
 39076 | Gauntlet | Entered a Gauntlet
 39076 | Gauntlet | Found a transporter.
 39076 | Gauntlet | Found a transporter.
 39076 | Gauntlet | Found a transporter.
 39253 | Gauntlet | Found a transporter.
 39263 | Gauntlet | Found a transporter.
 39265 | Gauntlet | Found a transporter.
 39275 | Gauntlet | Found a transporter.
 39287 | Gauntlet | Found the +10 zealot's sword {holy, *Rage rN+ EV+3}
 39295 | Gauntlet | Found a transporter.
 39310 | Gauntlet | Found a transporter.
 39313 | Gauntlet | Found a transporter.
 39321 | Gauntlet | Found a transporter.
 39324 | Gauntlet | Found a transporter.
 39325 | Gauntlet | Found a runed translucent door.
 39402 | Gauntlet | Reached skill level 15 in Spellcasting
 39641 | Gauntlet | Identified the ring of Impatience {Wiz Drain Str+3 Dex+2}
 39845 | Gauntlet | Identified the +6 swamp dragon scales of the Arcane {rPois
                  | SInv}
 39880 | Gauntlet | Identified the +2 swamp dragon scales of the Orcish Mines
                  | {*Slow rPois rC+ rN+}
 40840 | D:12     | Noticed a frost giant
 40874 | D:12     | Killed a frost giant
 41384 | D:13     | Reached skill level 10 in Shields
 41717 | D:14     | Noticed Agnes
 41721 | D:14     | Killed Agnes
 42304 | D:13     | Identified the +4 short sword "Xoad" {spect, rElec rF-
                  | Str+9 Int-3}
 42401 | D:13     | Reached skill level 17 in Fighting
 42449 | D:13     | Identified the +0 dagger "Meoxkaes" {spect, Int+3}
 42455 | D:13     | Reached XP level 17. HP: 136/136 MP: 0/0
 42455 | D:13     | Learned a level 7 spell: Dragon Form
 42774 | D:13     | Found a gate to the Vaults.
 42929 | D:11     | Identified a scroll of acquirement
 42937 | D:11     | Acquired the ring of Yesterday {Str+4 SInv}
 43129 | D:14     | Found Cino's General Store.
 43566 | D:14     | Identified the +7 falchion of Eternal Vigilance {vamp,
                  | rElec Str+2 Int-4}
 43817 | D:14     | Bought a +2 demon blade of freezing for 663 gold pieces
 43905 | D:10     | You paid a toll of a +4 demon blade to enter a treasure
                  | trove
 43906 | Trove    | Entered a treasure trove
 43918 | Trove    | Identified the ring "Jotyamih" {rN+ rCorr Int+4 Dex+4}
 43923 | Trove    | Identified the ring of Fedhas's Supremacy {rElec rPois
                  | rCorr Str+6 Dex-4}
 44095 | D:15     | Entered Level 15 of the Dungeon
 44101 | D:15     | Reached XP level 18. HP: 138/142 MP: 0/0
 45123 | D:15     | Found a staircase to the Depths.
 45410 | D:15     | Noticed Josephine
 45430 | D:15     | Killed Josephine
 45630 | D:15     | Identified the +9 dagger of Internal Strife {venom, rN+
                  | Str+3 Int-4}
 46343 | Spider:1 | Entered Level 1 of the Spider Nest
 46770 | Spider:1 | Found a transporter.
 46772 | Spider:1 | Found a transporter.
 47355 | Spider:1 | Reached skill level 18 in Fighting
 49425 | Spider:3 | Identified the +0 cloak "Esar" {Harm Int+2}
 49972 | Spider:4 | Entered Level 4 of the Spider Nest
 50021 | Spider:4 | Noticed Aizul
 50034 | Spider:4 | Killed Aizul
 50035 | Spider:4 | Reached XP level 19. HP: 130/136 MP: 0/0
 50035 | Spider:4 | Learned a level 7 spell: Enfeeble
 50316 | Spider:4 | HP: 7/140 [emperor scorpion (8)]
 50317 | Spider:4 | Slain by an emperor scorpion

Illustrated notes

Levels and vault maps discovered:
D:1:      dpeg_arrival_rooms_a, layout_basic,
          shapermc_ecumenical_altar_acropolis
D:2:      layout_loops_ring, uniq_terence
D:3:      minmay_angry_zag, layout_basic, gammafunk_ghost_split, serial_shops,
          shop, kennysheep_generic_room_16, uniq_jessica
D:4:      layout_loops_corners, nicolae_uskayaw_suspiria, trog_antimagical,
          fedhas_altar_2
D:5:      layout_basic, nicolae_overflow_two_pavilions, serial_shops, shop,
          shop, nicolae_shop_bloodbath_and_beyond
D:6:      lemuel_insect_pit, layout_rooms, mainiacjoe_overflow_surrounded_room,
          amcnicky_altar_gilded, zin_statuary, temple_green
D:7:      nzn_winding_woodlands_stair_cross
          [nzn_winding_woodlands_5x15_longhouse,
          nzn_winding_woodlands_center_lodge,
          nzn_winding_woodlands_5x15_lazy_stream,
          nzn_winding_woodlands_5x5_default, nzn_winding_woodlands_hourglass,
          nzn_winding_woodlands_5x15_sidewinder,
          nzn_winding_woodlands_center_pierced_h,
          nzn_winding_woodlands_5x15_eye], layout_loops_ring, led_sif_pool,
          enter_bailey_5, uniq_duvessa
D:8:      layout_cave_pools, mainiacjoe_overflow_brackets,
          mainiacjoe_overflow_six_doors_small
D:9:      layout_roguey, mainiacjoe_overflow_paths, david_orc_4, minivault_12
D:10:     layout_grid_maze, enter_trove_6
D:11:     layout_cave_pools, lair_entry_dummy, serial_shops,
          nicolae_shop_crystal, minmay_crystal_room, uniq_grum
D:12:     minmay_twisted_water, layout_cross, serial_shops, shop,
          gauntlet_entry_generic, uniq_rupert
D:13:     minmay_the_grid_octo_triangle [minmay_the_grid_octo_thin_diamonds,
          minmay_the_grid_octo_prize_square_snowflake,
          minmay_the_grid_octo_clover], layout_rooms, ximxim_vaults_locker_room,
          minmay_circle_x
D:14:     layout_stronghold, serial_shops, nicolae_shop_advertising_works
          [nicolae_subvault_shop_adworks], abandoned_shop, uniq_agnes
D:15:     grunt_enter_depths_magical_seal, layout_rooms, uniq_josephine
Temple:   hellmonk_temple_beads
Lair:1:   layout_chaotic_city, basic_altar, ebering_ghost_xom,
          serial_bayou_shore_b, grunt_megastairs_1, lemuel_fruit_fields,
          infiniplex_staircase_pool
Lair:2:   minmay_guarded_unrand_snakebite, layout_big_grid, grunt_megastairs_2,
          uniq_erica, uniq_harold, uniq_gastronok
Lair:3:   layout_gridlike, minmay_swamp_entry_swarm, spider_nest_entry_a,
          special_room [special_room_mythical_zoo],
          gammafunk_ghost_abyssal_escape, lemuel_fruit_fields, lemuel_fruit_tree
Lair:4:   regret_index_harrowing_hell_hive, layout_cave_pods
Lair:5:   wormcave, layout_layer_cave, dpeg_slime_entry_enclosed, uniq_snorg
Spider:1: gammafunk_boulding_lane, drop_trap
Spider:2: layout_spider_delve
Spider:3: layout_chambers, hive_lemuel
Spider:4: hellmonk_spider_rune_bug_friends, gammafunk_ghost_split, uniq_aizul
Slime:1:  layout_caves
Orc:1:    layout_caves, serial_shops, shop, rock_pile
Orc:2:    st_orc_rangers, layout_caves, serial_shops, shop,
          nicolae_shop_hallway_stairs, shop, shop, shop

Skill      XL: |  1  2  3  4  5  6  7  8  9 10 11 12 13 14 15 16 17 18 |
---------------+-------------------------------------------------------+-----
Fighting       | 1 2 3 4 5 7 9 10 11 12 13 14 16 17 18 | 18.8
Spellcasting   | 4 5 6 7 9 11 12 13 14 16 17 | 17.2
Dodging        | 6 |  6.0
Shields        | 2 5 8 10 11 | 11.0
Evocations     | 4 6 |  6.0
Stealth        | |  1.8

Action                   |  1- 3 |  4- 6 |  7- 9 | 10-12 | 13-15 | 16-18 | 19-21 || total
-------------------------+-------+-------+-------+-------+-------+-------+-------++-------
Melee: Unarmed           |       |       |       |     1 |       |     6 |       ||     7
       Staff             |       |       |       |     1 |       |       |       ||     1
       Demon whip        |       |       |       |       |     2 |       |       ||     2
       Bite              |       |       |       |       |       |     1 |       ||     1
 Cast: Magic Dart        |    32 |    54 |    42 |   115 |   123 |    20 |       ||   386
       Sandblast         |     8 |    49 |    79 |   138 |   294 |    91 |     1 ||   660
       Fulminant Prism   |       |     9 |    37 |    24 |    14 |    26 |       ||   110
       Iskenderun's Myst |       |       |     7 |    30 |   111 |   332 |    15 ||   495
       Poisonous Vapours |       |       |    10 |   121 |   245 |    56 |     1 ||   433
       Flame Wave        |       |       |       |     5 |    29 |     2 |       ||    36
       Wereblood         |       |       |       |     1 |     4 |       |       ||     5
       Borgnjor's Vile C |       |       |       |       |     9 |       |       ||     9
       Confusing Touch   |       |       |       |       |     1 |       |       ||     1
       Searing Ray       |       |       |       |       |     1 |       |       ||     1
       Eringya's Noxious |       |       |       |       |     8 |    12 |     1 ||    21
       Dragon Form       |       |       |       |       |       |     1 |       ||     1
 Abil: Breathe Fire      |       |       |       |       |       |     1 |       ||     1
Evoke: Wand              |       |       |       |     3 |       |       |       ||     3
       Condenser vane    |       |       |       |       |       |     1 |       ||     1
  Use: Scroll            |       |     5 |     7 |     7 |     4 |    14 |     1 ||    38
       Potion            |       |       |       |     1 |     2 |     2 |     1 ||     6
Armor: Robe              |       |     6 |    16 |    19 |    84 |    22 |     2 ||   149
       Skin              |       |       |       |       |       |     3 |       ||     3
Dodge: Dodged            |     4 |    15 |    44 |    77 |   241 |    56 |     1 ||   438
Block: Kite shield       |       |       |       |       |    15 |    41 |       ||    56
       Tower shield      |       |       |       |       |       |    36 |     8 ||    44

Table legend: (Time is in decaauts)
 A = Elapsed time spent in this place.
 B = Non-inter-level travel time spent in this place.
 C = Inter-level travel time spent in this place.
 D = Time resting spent in this place.
 E = Time spent auto-exploring this place.
 F = Levels seen in this place.
 G = Mean time per level.
                   A        B        C        D        E       F      G
               +--------+--------+--------+--------+--------+-----+--------+
         Total |  50707 |  47602 |   3105 |  26075 |  15682 |  31 | 1635.7 |
       Dungeon |  26571 |  24708 |   1863 |  13000 |   8962 |  15 | 1771.4 |
        Temple |    113 |    113 |      0 |      0 |     87 |   1 |  113.0 |
          Lair |  13470 |  12785 |    685 |   7409 |   3898 |   5 | 2694.0 |
   Spider Nest |   3995 |   3678 |    317 |   1218 |   1928 |   4 |  998.8 |
    Slime Pits |      1 |      1 |      0 |      0 |      0 |   1 |    1.0 |
  Orcish Mines |   2501 |   2264 |    237 |   1318 |    576 |   2 | 1250.5 |
         Trove |     47 |     47 |      0 |      0 |      0 |   1 |   47.0 |
        Bailey |   2989 |   2989 |      0 |   2427 |     81 |   1 | 2989.0 |
      Gauntlet |   1015 |   1015 |      0 |    703 |    150 |   1 | 1015.0 |
               +--------+--------+--------+--------+--------+-----+--------+

Top non-repeatable levels by time:
     D:7: 4242 daAuts
  Lair:2: 3613 daAuts
  Bailey: 2989 daAuts
  Lair:4: 2933 daAuts
  Lair:3: 2702 daAuts
     D:5: 2458 daAuts
  Lair:1: 2234 daAuts
     D:4: 2205 daAuts
    D:15: 2094 daAuts
  Lair:5: 1986 daAuts
    D:11: 1961 daAuts
     D:6: 1927 daAuts
     D:9: 1888 daAuts
    D:10: 1558 daAuts
    D:12: 1467 daAuts
